Map: Crête de Lerilak

Players

Worming - Winner!

  • Race: Zerg Zerg
  • League: Diamond

Sehyo

  • Race: Protoss Protoss
  • League: Diamond

VOD

Have the link to the VOD?

Description

Time

  • Played on: Nov. 13, 2015, 5:53 p.m.
  • Length: 15:36
Show
View Real Time Build Order
Export as new Build Order

Worming Zerg - Winner!

Build Orders: Hatch First 

Get SALT Encoding   

  12  0:01  Drone  
  13  0:13  Overlord  
  13  0:17  Drone  
  14  0:31  Drone x2  
  14  0:35  Drone  
  17  0:53  Hatchery  
  17  0:57  Drone  
  17  1:08  Spawning Pool  
  16  1:12  Drone  
  16  1:15  Drone  
  18  1:19  Drone  
  19  1:31  Drone, Extractor  
  19  1:40  Drone  
  20  1:49  Overlord  
  20  1:55  Queen  
  22  2:06  Queen  
  22  2:08  Zergling x4  
  26  2:17  Drone  
  26  2:19  Overlord  
  27  2:29  Drone x2  
  29  2:39  Lair  
  29  2:41  Drone  
  30  2:49  Drone x2, Extractor  
  32  2:51  Drone  
  32  3:08  Drone x4  
  32  3:09  Evolution Chamber x2  
  33  3:16  Drone x6  
  39  3:23  Overlord  
  39  3:35  Zerg Melee Weapons Level 1  
  39  3:40  Queen  
  40  3:42  Drone  
  41  3:48  Spine Crawler  
  41  3:50  Zerg Ground Armor Level 1  
  40  3:57  Metabolic Boost  
  40  4:00  Zergling x2  
  40  4:01  Zergling x10  
  46  4:04  Drone  
  47  4:14  Extractor  
  46  4:17  Infestation Pit  
  46  4:22  Drone x3  
  48  4:24  Extractor  
  48  4:25  Drone x3  
  48  4:26  Drone x2  
  52  4:35  Overlord x2  
  51  4:55  Hive  
  51  4:58  Hatchery  
  50  5:00  Overlord  
  50  5:20  Overlord  
  50  5:23  Drone x11  
  61  5:29  Queen  
  64  5:35  Drone  
  64  5:36  Drone x3  
  67  5:48  Overlord  
  67  5:50  Zerg Melee Weapons Level 2  
  67  5:54  Zerg Ground Armor Level 2  
  67  6:07  Ultralisk Cavern  
  66  6:21  Adrenal Glands  
  66  6:22  Overlord  
  66  6:23  Zergling x18  
  75  6:26  Overseer  
  75  6:29  Queen  
  77  6:33  Drone x3  
  77  6:34  Drone  
  77  6:37  Extractor  
  78  6:54  Chitinous Plating  
  74  6:59  Drone x2  
  74  7:00  Drone  
  75  7:02  Extractor  
  75  7:03  Drone x3  
  77  7:17  Hatchery  
  77  7:20  Overlord  
  77  7:21  Ultralisk x3  
  94  7:29  Spire  
  93  7:32  Overlord  
  93  7:42  Drone x3  
  93  7:43  Drone, Overlord x2  
  97  7:46  Overlord  
  97  7:47  Pneumatized Carapace  
  97  7:56  Overlord  
  97  8:00  Ultralisk  
  103  8:14  Zerg Melee Weapons Level 3  
  99  8:32  Zerg Ground Armor Level 3  
  99  8:35  Zergling x12, Ultralisk  
  99  8:36  Zergling x4  
  99  8:37  Drone x7  
  99  8:38  Drone x2  
  122  8:55  Zergling x6, Ultralisk x2  
  137  8:59  Queen  
  136  9:03  Zerg Flyer Weapons Level 1  
  136  9:08  Extractor x2  
  134  9:22  Overlord  
  134  9:24  Overlord  
  134  9:32  Zergling x10, Ultralisk x2  
  134  9:33  Zergling x8  
  155  9:53  Spire  
  155  9:57  Burrow  
  155  9:59  Zergling x24  
  128  10:14  Zergling x2, Ultralisk x2  
  128  10:15  Zergling x8  
  131  10:39  Overlord x2  
  131  10:40  Zergling x2, Overlord  
  131  10:41  Zergling x20  
  142  10:51  Drone, Zerg Missile Weapons Level 1  
  142  10:52  Hydralisk Den  
  142  10:53  Roach Warren  
  141  11:05  Hatchery  
  141  11:08  Greater Spire  
  141  11:10  Zerg Flyer Armor Level 1  
  140  11:30  Mutalisk x9  
  140  11:31  Mutalisk x3  
  152  12:04  Extractor  
  152  12:05  Extractor  
  135  12:27  Ultralisk x6  
  135  12:28  Zergling x2  
  129  12:41  Zergling x8  
  131  12:49  Drone x3  
  131  12:50  Drone x3  
  131  12:51  Drone x3  
  138  12:55  Zerg Missile Weapons Level 2  
  138  12:56  Muscular Augments, Glial Reconstitution  
  136  13:32  Viper x3  
  145  13:55  Overlord  
  145  13:56  Overlord  
  133  14:25  Ultralisk  
  133  14:26  Zergling x8, Ultralisk x3  
  133  14:27  Zergling x46  
  166  14:48  Hydralisk x8  
  154  15:13  Zergling x2  
  155  15:14  Zergling x4  
Show
View Real Time Build Order
Export as new Build Order

Sehyo Protoss 

Build Orders:  

Get SALT Encoding   

  12  0:02  Probe (Chrono Boost)  
  13  0:13  Probe (Chrono Boost)  
  14  0:21  Pylon  
  14  0:23  Probe (Chrono Boost)  
  15  0:39  Probe (Chrono Boost)  
  17  0:50  Probe (Chrono Boost)  
  17  1:00  Probe (Chrono Boost)  
  18  1:08  Nexus  
  18  1:11  Probe (Chrono Boost)  
  19  1:18  Gateway  
  19  1:21  Probe (Chrono Boost)  
  20  1:25  Assimilator  
  20  1:32  Probe (Chrono Boost)  
  21  1:38  Pylon  
  21  1:42  Probe (Chrono Boost)  
  21  1:46  Assimilator  
  22  1:53  Probe (Chrono Boost)  
  23  2:07  Cybernetics Core  
  23  2:08  Probe (Chrono Boost)  
  24  2:18  Probe (Chrono Boost)  
  24  2:19  Zealot  
  24  2:21  Probe (Chrono Boost)  
  28  2:29  Probe (Chrono Boost)  
  29  2:31  Gateway  
  29  2:32  Probe (Chrono Boost)  
  30  2:39  Probe (Chrono Boost)  
  30  2:42  Probe (Chrono Boost)  
  32  2:46  Stalker (Chrono Boost)  
  32  2:50  Warp Gate, Probe (Chrono Boost)  
  35  2:55  Mothership Core (Chrono Boost)  
  37  3:04  Probe  
  38  3:14  Probe  
  38  3:16  Probe, Stalker (Chrono Boost)  
  42  3:27  Pylon  
  42  3:28  Probe  
  42  3:33  Probe  
  45  3:35  Stalker (Chrono Boost)  
  46  3:45  Probe  
  46  3:46  Probe  
  48  3:50  Assimilator  
  48  3:51  Assimilator  
  48  3:57  Probe  
  48  3:59  Probe  
  50  4:04  Pylon  
  50  4:09  Probe  
  51  4:13  Robotics Facility  
  51  4:14  Gateway  
  51  4:15  Gateway  
  51  4:16  Gateway  
  51  4:17  Pylon  
  51  4:23  Probe x2 (Chrono Boost)  
  53  4:33  Probe x2 (Chrono Boost)  
  53  4:36  Nexus  
  55  4:43  Pylon  
  55  4:44  Probe x2 (Chrono Boost)  
  57  4:54  Probe (Chrono Boost)  
  57  4:55  Probe (Chrono Boost), Sentry  
  57  4:56  Sentry  
  63  5:02  Pylon  
  63  5:05  Robotics Bay, Probe (Chrono Boost)  
  63  5:06  Probe (Chrono Boost)  
  65  5:13  Sentry x2, Pylon  
  69  5:15  Probe (Chrono Boost)  
  69  5:16  Probe (Chrono Boost)  
  71  5:26  Probe (Chrono Boost)  
  71  5:27  Probe (Chrono Boost)  
  73  5:36  Probe (Chrono Boost)  
  73  5:37  Probe (Chrono Boost)  
  73  5:39  Twilight Council  
  73  5:40  Warp Prism, Forge  
  77  5:47  Probe (Chrono Boost)  
  77  5:48  Probe (Chrono Boost)  
  77  5:49  Sentry x4  
  87  5:54  Sentry  
  87  5:56  Probe (Chrono Boost)  
  89  5:57  Probe (Chrono Boost)  
  89  5:58  Probe (Chrono Boost)  
  89  6:00  Assimilator  
  91  6:04  Pylon  
  91  6:05  Assimilator  
  91  6:06  Probe (Chrono Boost)  
  92  6:19  Gateway  
  92  6:20  Gateway, Probe (Chrono Boost)  
  92  6:21  Probe x2 (Chrono Boost)  
  92  6:23  Pylon  
  95  6:26  Adept x3  
  95  6:27  Adept  
  95  6:29  Protoss Ground Weapons Level 1  
  95  6:31  Probe x2 (Chrono Boost)  
  95  6:32  Probe (Chrono Boost)  
  106  6:34  Blink (Chrono Boost)  
  106  6:38  Stalker  
  108  6:41  Probe (Chrono Boost)  
  108  6:42  Probe x2 (Chrono Boost)  
  111  6:52  Probe x2 (Chrono Boost)  
  111  6:53  Probe (Chrono Boost)  
  115  7:00  Robotics Facility  
  110  7:01  Immortal (Chrono Boost)  
  110  7:02  Adept  
  110  7:03  Adept x4  
  120  7:13  Robotics Facility  
  120  7:20  Stalker x2  
  120  7:22  Gravitic Drive  
  124  7:26  Probe  
  125  7:35  Pylon  
  125  7:36  Pylon  
  125  7:39  Pylon  
  125  7:45  Photon Cannon  
  125  7:48  Photon Cannon  
  125  7:52  Probe  
  125  7:53  Probe x2  
  125  7:54  Immortal x2 (Chrono Boost)  
  136  8:01  Nexus  
  136  8:02  Pylon x2  
  136  8:04  Adept x2  
  136  8:05  Assimilator  
  140  8:09  Assimilator  
  140  8:11  Immortal  
  144  8:17  Adept x2  
  144  8:18  Adept  
  149  8:22  Protoss Ground Weapons Level 2  
  135  8:32  Resonating Glaives (Chrono Boost), Stalker x4  
  143  8:51  Immortal x3  
  151  9:18  Pylon  
  151  9:20  Pylon  
  151  9:22  Pylon  
  151  9:24  Pylon x2  
  151  9:25  Pylon  
  151  9:27  Pylon  
  151  9:36  Disruptor x2  
  151  9:37  Disruptor  
  160  9:42  Nexus  
  160  9:44  Pylon  
  160  9:46  Adept x3  
  160  9:47  Adept x4, Pylon  
  160  9:52  Pylon  
  174  10:00  Stargate  
  174  10:01  Stargate  
  174  10:05  Stargate  
  174  10:11  Disruptor  
  145  10:18  Immortal x2  
  123  10:25  Stalker x3  
  105  10:40  Stalker x2  
  105  10:41  Protoss Ground Weapons Level 3, Stalker x2  
  112  10:48  Immortal  
  116  10:51  Void Ray (Chrono Boost)  
  120  11:07  Zealot x5  
  120  11:08  Zealot x2  
  120  11:11  Void Ray x2 (Chrono Boost)  
  142  11:35  Nexus, Void Ray (Chrono Boost)  
  146  11:52  Void Ray x2 (Chrono Boost), Immortal x2  
  162  11:54  Immortal  
  166  12:06  Zealot x3  
  166  12:07  Zealot  
  166  12:08  Zealot x3  
  171  12:21  Void Ray (Chrono Boost)  
  175  12:29  Stalker x2  
  175  12:30  Stalker  
  175  12:33  Stalker  
  172  12:53  Phoenix (Chrono Boost)  
  174  13:17  Pylon  
  173  13:22  Pylon  
  167  13:37  Nexus  
  167  13:38  Pylon  
  166  14:09  Void Ray x3 (Chrono Boost)  
  178  14:22  Observer  
  177  14:44  Observer  
  178  14:46  Void Ray (Chrono Boost)  
  178  14:47  Gateway  
  178  14:49  Templar Archives  
  178  14:50  Photon Cannon  
  103  15:15  Stalker x4  
Tags
 
Add a new tag
Caveats
  • Supply blocks, unpowered buildings, or Contaminate may cause inaccurate times.
  • Supply counts are checked every 10 seconds.